cohdb
Replays
Latest Replays
All Replays
Popular Replays
Top Player Replays
Match Explorer
How It Works
Community
CoH3 Stats
Reddit
Sign in to upload your games and track your stats! →
Sign in with Steam
Match 41447350
Unlisted
Match 41447350
Overview
Messages
Build Orders
End
Selects Luftwaffe Battlegroup
Selects Luftwaffe Pioneer Support
Fallschirmpioneer Squad Paradrop
Construct Infanterie Kompanie
Grenadier Squad
MG 42 Machine Gun Team
Construct Panzergrenadier Kompanie
251 Medium Carrier
Panzergrenadier Squad
Support Elements
Nebelwerfer 42 Rocket Launcher Team
Pak 40 Anti-tank Gun Team
Medical Bunker
Construct Panzer Kompanie
Panzer IV Medium Tank
Selects Stuka Strafing Run
Stuka Strafing Run
Nebelwerfer 42 Rocket Launcher Team
Selects Fallschirmjäger Squad Paradrop
Selects Fragmentation Bombs
Fragmentation Bombs
Panzer IV Medium Tank
Pioneer Squad
Side Skirts
Panzer Officer Quarters
Fragmentation Bombs
Stuka Strafing Run
lem22
Mustache and Melons
-_Alexxitan_-
baydounkhalil1
ccGOAAALLL
Macho Man Randy Savage
快乐闭麦自由人
Etiyen
0
0
Comments
sign in to comment!
No comments posted yet!